 Dungeon Crawl Stone Soup version 0.29.1 (webtiles) character file.

Game seed: 2039685610727227900

6661 safid the Marksminotaur (level 10, -2/84 (100) HPs)
             Began as a Minotaur Hunter on Sept 13, 2022.
             Was an Initiate of Okawaru.
             Slain by a wight
             ... wielding a +4 great sword
              (7 damage)
             ... on level 5 of the Dungeon.
             The game lasted 00:09:39 (5941 turns).

safid the Marksminotaur (Minotaur Hunter)           Turns: 5941, Time: 00:09:40

HP:   -2/84 (100)   AC:  3    Str: 16    XL:     10   Next: 73%
MP:   9/9           EV: 13    Int:  6    God:    Okawaru [......]
Gold: 11            SH:  0    Dex: 18    Spells: 9/9 levels left

rFire   . . .      SeeInvis .   a - +0 shortbow
rCold   . . .      Faith    .   (shield currently unavailable)
rNeg    . . .      Spirit   .   c - +0 leather armour
rPois   .          Reflect  .   (helmet restricted)
rElec   .          Harm     .   (no cloak)
rCorr   .          Rampage  .   (no gloves)
Will    .....                   (no boots)
Stlth   ++........              p - amulet of magic regeneration
HPRegen 0.24/turn               (no ring)
MPRegen 0.51/turn               (no ring)

@: heavily drained
A: horns 2, retaliatory headbutt
a: Renounce Religion


You were on level 5 of the Dungeon.
You worshipped Okawaru.
Okawaru was noncommittal.
You visited 2 branches of the dungeon, and saw 7 of its levels.
You also visited: Sewer.

You collected 299 gold pieces.
You spent 288 gold pieces at shops.

Inventory:

Hand Weapons
 a - a +0 shortbow (weapon)
Missiles
 b - 6 poisoned darts
Armour
 c - a +0 leather armour (worn)
Jewellery
 p - an amulet of magic regeneration (around neck)
 t - an amulet of faith
Wands
 u - a wand of polymorph (7)
 v - a wand of light (3)
Scrolls
 d - a scroll of magic mapping {unknown}
 f - a scroll of summoning
 g - a scroll of blinking
 j - a scroll of silence {unknown}
 k - 2 scrolls of enchant weapon
 m - 2 scrolls of teleportation
 w - a scroll of noise {unknown}
 x - a scroll of torment {unknown}
 y - a scroll of identify
Potions
 e - 2 potions of lignification
 h - 3 potions of cancellation {unknown}
 i - 4 potions of haste
 l - 4 potions of curing
 n - 3 potions of resistance {unknown}
 o - a potion of heal wounds
 q - 2 potions of mutation {unknown}
 r - a potion of magic {unknown}
 s - 2 potions of berserk rage {unknown}


   Skills:
 + Level 12.6 Fighting
 + Level 17.0 Ranged Weapons
 + Level 5.7 Armour
 - Level 3.0 Dodging
 - Level 0.7 Stealth


You had 9 spell levels left.
You didn't know any spells.
Your spell library contained the following spells:

 Spells                   Type           Power      Damage    Failure   Level
 Ignite Poison            Fire/Tmut/Pois 0%         N/A       87%         3
 Mephitic Cloud           Conj/Pois/Air  0%         N/A       87%         3
 Freezing Cloud           Conj/Ice/Air   0%         6-21      100%        5


Dungeon Overview and Level Annotations

Branches:
Dungeon (6/15)             Temple (1/1) D:5           Sewer (visited)

Altars:
Ashenzari
Cheibriados
Dithmenos
Elyvilon
Fedhas
Gozag
Hepliaklqana
Kikubaaqudgha
Makhleb
Nemelex Xobeh
Okawaru
Qazlal
Ru
Trog
Vehumet
Wu Jian
Xom
Yredelemnul
Zin

Shops:
D:5 !


Innate Abilities, Weirdness & Mutations

You have a pair of horns on your head.
You reflexively headbutt those who attack you in melee.


Message History

The wight hits you with a +4 great sword.
You feel drained.
You shoot an arrow. The arrow closely misses the wight.
The wight closely misses you.
The wight hits you with a +4 great sword!
You shoot an arrow. The arrow barely misses the wight.
You shoot an arrow. The arrow barely misses the wight.
The wight misses you.
The wight hits you with a +4 great sword!!
You feel drained.
You are too injured to fight recklessly!
You are too injured to fight recklessly!
You are too injured to fight recklessly!
You are too injured to fight recklessly!
Unknown command.
Fire: a) +0 shortbow
Press: ? - help, Q - select action, (/) - cycle Shift-Dir - straight line, f/p - wight
Aim: a wight, wielding a +4 dagger and wearing a +0 robe of positive energy (lightly damaged, 73% to hit)
You shoot an arrow. The arrow hits the wight!
The wight is severely damaged.
The wight hits you with a +4 dagger!
You feel drained.
The wight hits you with a +4 great sword!
* * * LOW HITPOINT WARNING * * *
Fire: a) +0 shortbow
Press: ? - help, Q - select action, (/) - cycle Shift-Dir - straight line, f/p - wight
Aim: a wight, wielding a +4 dagger and wearing a +0 robe of positive energy (severely damaged, 73% to hit)
You shoot an arrow.
The arrow hits the wight but does no damage.
The wight is severely damaged.
The wight hits you with a +4 dagger!
* * * LOW HITPOINT WARNING * * *
The wight misses you.
Unknown command.
You feel much better. The wight hits you with a +4 dagger.
* * * LOW HITPOINT WARNING * * *
You feel drained.
* * * LOW HITPOINT WARNING * * *
The wight hits you with a +4 great sword!
* * * LOW HITPOINT WARNING * * *
You feel drained.
You die...

...# #.# #............#
###.# .#.# #.##
#............# #...# ...#
#..### #............#
##.#.# .#.# ##..†#
#............###..#.. ##.#
###.###................##.#
..†#
#...#............###....#
##.# ###..............#
####..
#.##########...z........#
###.
#..............@........#
####
############..z.........#
#............#
##############
##############
.............#


You could see 2 wights.

Vanquished Creatures
  Pikel (D:5)
  An ice beast (D:5)
  A lemure (D:5)
  A phantom (D:4)
  2 scorpions (D:5)
  A wight (D:4)
  4 hounds
  5 jellies
  2 orc priests (D:5)
  Natasha (thrice) (D:4)
  2 orc wizards
  8 adders
  2 river rats
  3 ufetubi
  5 worms
  2 dart slugs
  6 orcs
  8 endoplasms
  10 giant cockroaches
  12 goblins
  7 hobgoblins
  4 jackals (D:1)
  5 quokkas
  12 ball pythons
  6 bats
  6 frilled lizards
  7 kobolds
  9 rats
135 creatures vanquished.

Notes
Turn   | Place    | Note
-------+----------+-------------------------------------------
     0 | D:1      | safid the Minotaur Hunter began the quest for the Orb.
     0 | D:1      | Reached XP level 1. HP: 18/18 MP: 0/0
    60 | D:1      | Found a faded altar of an unknown god.
   158 | D:1      | Reached XP level 2. HP: 25/25 MP: 1/1
   687 | D:2      | Found a blossoming altar of Fedhas.
   719 | D:2      | Reached XP level 3. HP: 7/31 MP: 2/2
  1423 | D:2      | You fall into a shaft and drop 2 floors!
  1462 | D:4      | Reached skill level 5 in Ranged Weapons
  1498 | D:4      | Reached XP level 4. HP: 28/40 MP: 3/3
  1504 | D:4      | Found a glowing drain.
  1514 | Sewer    | Entered a sewer
  1785 | Sewer    | Reached XP level 5. HP: 47/47 MP: 4/4
  1853 | Sewer    | Reached skill level 5 in Fighting
  1987 | Sewer    | Found a viscous altar of Jiyva.
  2025 | Sewer    | Reached skill level 6 in Ranged Weapons
  2061 | D:4      | Noticed a phantom
  2075 | D:4      | Killed a phantom
  2076 | D:4      | Reached XP level 6. HP: 45/56 MP: 5/5
  3084 | D:3      | Found an opulent altar of Gozag.
  3173 | D:4      | Noticed Natasha
  3176 | D:4      | Killed Natasha
  3608 | D:4      | Noticed Natasha
  3615 | D:4      | Killed Natasha
  3710 | D:4      | Noticed Natasha
  3713 | D:4      | Killed Natasha
  3787 | D:4      | Reached skill level 7 in Ranged Weapons
  4135 | D:4      | Reached XP level 7. HP: 64/64 MP: 6/6
  4249 | D:5      | Entered Level 5 of the Dungeon
  4465 | D:5      | Reached skill level 13 in Ranged Weapons
  4465 | D:5      | Reached XP level 8. HP: 20/82 MP: 7/7
  4772 | D:5      | Reached skill level 16 in Ranged Weapons
  4772 | D:5      | Reached XP level 9. HP: 89/89 MP: 8/8
  4773 | D:5      | Reached skill level 5 in Armour
  4773 | D:5      | Reached XP level 10. HP: 99/99 MP: 9/9
  4801 | D:5      | Found a staircase to the Ecumenical Temple.
  4810 | Temple   | Entered the Ecumenical Temple
  4980 | Temple   | Became a worshipper of Warmaster Okawaru
  5015 | D:5      | Found Laent's Distillery.
  5023 | D:5      | Bought a potion of heal wounds for 60 gold pieces
  5023 | D:5      | Bought a potion of haste for 120 gold pieces
  5023 | D:5      | Bought a potion of lignification for 36 gold pieces
  5023 | D:5      | Bought a potion of curing for 36 gold pieces
  5023 | D:5      | Bought a potion of curing for 36 gold pieces
  5393 | D:5      | Noticed Pikel
  5422 | D:5      | Killed Pikel
  5423 | D:5      | Reached skill level 17 in Ranged Weapons
  5940 | D:5      | HP: 3/89 [wight/+4 dagger (13)]
  5941 | D:5      | Slain by a wight

Illustrated notes

Levels and vault maps discovered:
D:1:      nzn_arrival_crosshair, layout_basic, basic_ecumenical_altar
D:2:      layout_basic, basic_altar
D:3:      layout_loops_ring, mainiacjoe_overflow_alcove_4
D:4:      cheibrodos_barr_body, layout_loops_ring, portal_sewer_entry_b,
          kennysheep_generic_room_11, uniq_natasha
D:5:      layout_basic, minmay_temple_entry_slanted, serial_shops, shop,
          nicolae_concentric_dashed_squares_wild, minmay_misc_feat_x, uniq_pikel
D:6:      layout_loops_ring, general_overflow_altar, uniq_maggie,
          uniq_blork_the_orc
Temple:   nicolae_temple_bog_church

Skill      XL: |  1  2  3  4  5  6  7  8  9 10 |
---------------+-------------------------------+-----
Fighting       | 3 4 5 6 11 12 | 12.6
Dodging        | 3 |  3.0
Ranged Weapons | 5 6 7 13 16 17 | 17.0
Armour         | 5 |  5.7
Stealth        | |  0.7

Action                   |  1- 3 |  4- 6 |  7- 9 | 10-12 || total
-------------------------+-------+-------+-------+-------++-------
 Fire: Shortbow          |   100 |   215 |    75 |    61 ||   451
  Use: Potion            |       |       |     6 |     3 ||     9
       Scroll            |       |       |       |     4 ||     4
Armor: Leather armour    |     9 |    15 |    14 |     7 ||    45
Dodge: Dodged            |    31 |    36 |    42 |    29 ||   138
